cohdb
Replays
Latest Replays
All Replays
Popular Replays
Top Player Replays
Match Explorer
How It Works
Community
CoH3 Stats
Reddit
Sign in to upload your games and track your stats! →
Sign in with Steam
Match 23180340
Unlisted
Match 23180340
Overview
Messages
Build Orders
End
Panzergrenadier Squad
Panzergrenadier Squad
Construct Light Support Kompanie
Panzergrenadier Squad
Selects Italian Infantry
Selects Defensive Operations
Panzergrenadier Squad
Panzergrenadier Squad
Panzerjäger Squad
Panzerjäger Squad
Fire Support Elements
Flakvierling Half-track
Panzerjäger Squad
Panzerjäger Squad
Selects Territory Booby Traps
Selects Obice 305mm Barrage
Panzerjäger Squad
2.5-tonne Medical Truck
Panzerpioneer Squad
Pak 38 Anti-tank Gun Team
Selects Guastatori Squad
Selects Registered Artillery
Construct Panzerarmee Kommand
Guastatori Squad
Armored Reserves
MuniekPL
Papa Shango
Husar
|-J5D-| MAREK POLSKA
Gav70
Klaudio75
Baerchen
TidaL
0
0
Comments
sign in to comment!
No comments posted yet!